 Dungeon Crawl Stone Soup version 0.28.0-47-ge53b351184 (webtiles) character file.

Game seed: 523019199727972820

44534 thiscave3701365 the Executioner (level 13, -9/119 HPs)
             Began as a Minotaur Berserker on May 9, 2022.
             Was a High Priest of Trog.
             Shot with an arrow by Nessos (14 damage)
             ... on level 4 of the Lair of Beasts.
             The game lasted 00:22:58 (22684 turns).

thiscave3701365 the Executioner (MiBe)             Turns: 22684, Time: 00:23:00

Health: -9/119     AC: 29    Str: 30    XL:     13   Next: 96%
Magic:  21/21      EV:  7    Int:  4    God:    Trog [*****.]
Gold:   1040       SH:  0    Dex: 11    Spells: 12/12 levels left

rFire   . . .      SeeInvis .   a - +3 executioner's axe (flame)
rCold   . . .      Faith    .   (shield currently unavailable)
rNeg    . . .      Spirit   .   C - +0 crystal plate armour
rPois   .          Reflect  .   (helmet restricted)
rElec   .          Harm     .   I - +0 cloak
rCorr   .          Rampage  +   F - +2 pair of gloves "Dethradghoan" {Rampage Regen+ MP+9 Str+4}
Will    .....                   H - +0 pair of boots
Stlth   ..........              z - amulet of regeneration
HPRegen 1.89/turn               (no ring)
MPRegen 0.17/turn               (no ring)

@: lethally poisoned (-9 -> -25), about to teleport, on berserk cooldown,
slowed, very slow
A: horns 2, retaliatory headbutt
a: Renounce Religion, Berserk, Trog's Hand, Brothers in Arms


You were on level 4 of the Lair of Beasts.
You worshipped Trog.
Trog was extremely pleased with you.
You visited 2 branches of the dungeon, and saw 16 of its levels.

You collected 1040 gold pieces.

Inventory:

Hand Weapons
 a - a +3 executioner's axe of flaming (weapon)
 r - the +8 mace of Gayrchemu {flame, rPois}
   (You found it on level 2 of the Lair of Beasts)

   It burns those it strikes, dealing additional fire damage.
   rPois:     It protects you from poison.
 D - a +0 war axe
Missiles
 i - 2 throwing nets
Armour
 n - a +0 tower shield
 C - a +0 crystal plate armour (worn)
 F - the +2 pair of gloves "Dethradghoan" (worn) {Rampage Regen+ MP+9 Str+4}
   (You found it on level 2 of the Lair of Beasts)

   Str:       It affects your strength (+4).
   MP:        It affects your magic capacity (+9).
   Regen:     It increases your rate of health regeneration.
   Rampage:   It bestows one free step when moving towards enemies.
 H - a +0 pair of boots (worn)
 I - a +0 cloak (worn)
Jewellery
 z - an amulet of regeneration (around neck)
 L - the ring "Juneag" {rPois MP+9}
   (You found it on level 3 of the Lair of Beasts)

   [ring of magical power]

   rPois:     It protects you from poison.
   MP:        It affects your magic capacity (+9).
 N - an amulet of reflection
Wands
 m - a wand of acid (6)
 s - a wand of polymorph (6)
 u - a wand of paralysis (9)
 y - a wand of charming (4)
 A - a wand of flame (27)
 E - a wand of mindburst (12)
 G - a wand of iceblast (5)
Scrolls
 b - 2 scrolls of blinking
 c - a scroll of fog
 e - 3 scrolls of teleportation
 j - 6 scrolls of identify
 l - 2 scrolls of immolation
 o - a scroll of vulnerability
 w - 2 scrolls of summoning
 J - 2 scrolls of noise {unknown}
 K - 3 scrolls of fear
Potions
 d - 3 potions of curing
 f - 2 potions of berserk rage
 g - 2 potions of resistance
 h - 3 potions of cancellation
 k - 2 potions of heal wounds
 p - 2 potions of invisibility
 q - a potion of might
 t - 2 potions of attraction {unknown}
 v - a potion of lignification
 x - a potion of mutation
 B - a potion of brilliance {unknown}
 M - 2 potions of degeneration {unknown}
 O - a potion of experience {unknown}


   Skills:
 - Level 12.4 Fighting
 + Level 22.6 Axes
 - Level 13.0 Armour
 - Level 2.9 Dodging
 - Level 1.1 Stealth
 - Level 1.7 Shields
 - Level 0.1 Unarmed Combat


You had 12 spell levels left.
You didn't know any spells.
Your spell library was empty.

Dungeon Overview and Level Annotations

Branches:
Dungeon (12/15)            Temple (0/1) D:4            Lair (4/6) D:10
  Swamp (0/4) Lair:2        Snake (0/4) Lair:3          Orc (0/2) D:12

Altars:
Ashenzari
Nemelex Xobeh

Shops:
D:7 *

Annotations:
D:9 1 runed translucent door, Tiocfaidh's ghost, novice TrMo
Lair:4 Nessos


Innate Abilities, Weirdness & Mutations

You have a pair of horns on your head.
You reflexively headbutt those who attack you in melee.


Message History

Nessos intently looks at you, slowly moving their tail.
Nessos shoots an arrow.
The arrow hits you but does no damage.
You feel very sick.
Nessos shoots an arrow.
The arrow hits you. The arrow burns you.
You are more poisoned.
Nessos shoots an arrow.
The arrow hits you but does no damage.
Nessos mumbles some strange words.
Nessos blinks!
You feel very sick.
Nessos casts a spell.
Nessos seems to speed up.
You feel very sick.
Nessos shoots an arrow.
The arrow hits you! The arrow burns you.
You are more poisoned.
Nessos shoots an arrow.
The arrow hits you!
* * * LOW HITPOINT WARNING * * *
The arrow burns you.
You are lethally poisoned!
* * * LOW HITPOINT WARNING * * *
Okay, then.
You feel much better.
You feel extremely sick.
Nessos gestures wildly while chanting.
Nessos blinks!
Nessos shoots an arrow.
The arrow hits you but does no damage.
Nessos shoots an arrow.
The arrow hits you!
* * * LOW HITPOINT WARNING * * *
The arrow burns you.
You are lethally poisoned!
* * * LOW HITPOINT WARNING * * *
Nessos shoots an arrow.
The arrow hits you.
* * * LOW HITPOINT WARNING * * *
The arrow burns you.
* * * LOW HITPOINT WARNING * * *
As you read the scroll of teleportation, it crumbles to dust.
You feel strangely unstable.
* * * LOW HITPOINT WARNING * * *
You feel extremely sick.
Nessos shoots an arrow.
The arrow hits you but does no damage.
Nessos shoots an arrow.
The arrow hits you!
You die...

#......P ##....#.....#
#.....# ##..........
##.....## ##.......#.
#.......## #.....#####
#...$...# ###..##
##.......######..##
#.........#.##..†#
####.....§.........#######
.........@.....#.†#†......
.............###..........
.##........#.#..........#
##......###...........#
#≈.#.....# #............
#≈≈≈≈≈≈≈.c.#............#
##......................#
#.≈..≈..###............#
#≈≈.....# .........##...


You could see Nessos (fast).

Vanquished Creatures
  Josephine (D:10)
  Fannar (Lair:1)
  7 hydras
  3 two-headed ogres
  Erica (D:10)
  A tengu warrior (D:11)
  Urug (D:10)
  Nergalle (D:10)
  Sonja (Lair:4)
  A necromancer (Lair:2)
  2 cyclopes (D:11)
  2 ugly things
  6 black mambas
  Joseph (Lair:1)
  A torpor snail (Lair:3)
  4 cane toads
  7 komodo dragons
  A rime drake (Lair:2)
  A troll (D:10)
  Grinder (D:5)
  A hornet (D:9)
  22 blink frogs
  5 slime creatures (D:12)
  2 shadows
  3 wraiths (D:10)
  2 wyverns (Lair:3)
  71 yaks
  2 steam dragons
  4 vampire mosquitoes
  Menkaure (D:4)
  A basilisk (Lair:2)
  3 nagas (Lair:3)
  2 acid dragons
  7 water moccasins
  6 orc warriors
  2 black bears
  A sky beast (D:7)
  22 wolves
  A necrophage (D:6)
  4 ogres
  8 centaurs
  A phantom (D:4)
  2 kobold brigands
  The ghost of styxcanada the Sneak, an amateur SpBr (D:3)
  9 bullfrogs
  A wyvern zombie (D:6)
  4 scorpions
  A wyvern skeleton (D:6)
  5 killer bees (D:9)
  9 wights
  2 electric eels (Lair:2)
  A howler monkey (D:4)
  4 centaur zombies
  8 orc priests
  2 gnoll shamans
  A jelly (D:6)
  10 hounds
  5 iguanas
  Ijyb (D:4)
  10 orc wizards
  4 polar bear simulacra (Lair:2)
  3 yak simulacra (Lair:2)
  2 wolf simulacra (Lair:2)
  A hound zombie (D:5)
  A hound skeleton (D:4)
  6 gnolls
  A howler monkey zombie (D:9)
  8 adders
  A hound simulacrum (D:3)
  A white imp (D:7)
  An ufetubus (D:5)
  An adder skeleton (D:4)
  3 worms
  A dart slug (D:4)
  An adder simulacrum (D:3)
  53 orcs
  12 endoplasms
  3 giant cockroaches
  4 goblins
  5 hobgoblins
  6 quokkas
  8 ball pythons
  A ball python simulacrum (D:3)
  6 bats
  A frilled lizard (D:1)
  15 kobolds
  8 rats
  2 river rat simulacra (Lair:2)
  A bush (Lair:2)
451 creatures vanquished.

Vanquished Creatures (others)
  A yak (D:8)
  7 fungi
  41 plants
49 creatures vanquished.

Grand Total: 500 creatures vanquished

Notes
Turn   | Place    | Note
-------+----------+-------------------------------------------
     0 | D:1      | thiscave3701365 the Minotaur Berserker began the quest for
                  | the Orb.
     0 | D:1      | Reached XP level 1. HP: 19/19 MP: 0/0
   208 | D:1      | Reached skill level 4 in Axes
   208 | D:1      | Reached XP level 2. HP: 25/27 MP: 1/1
   773 | D:1      | Found a faded altar of an unknown god.
  1020 | D:1      | Reached XP level 3. HP: 31/33 MP: 2/2
  1434 | D:2      | Found a broken altar of Ashenzari.
  2237 | D:3      | Reached XP level 4. HP: 41/41 MP: 3/3
  2258 | D:3      | Reached skill level 5 in Axes
  2341 | D:3      | Reached ** piety under Trog
  2352 | D:3      | Found a runed translucent gate.
  2367 | D:3      | Found a runed translucent gate.
  2402 | D:3      | Noticed styxcanada's ghost (amateur SpBr)
  2429 | D:3      | Found a runed translucent gate.
  2954 | D:4      | Reached skill level 6 in Axes
  2954 | D:4      | Reached XP level 5. HP: 47/47 MP: 4/4
  2958 | D:4      | Noticed a phantom
  2967 | D:4      | Killed a phantom
  2969 | D:4      | Noticed Ijyb
  2972 | D:4      | Reached skill level 7 in Axes
  2981 | D:4      | Killed Ijyb
  3007 | D:4      | HP: 1/47 [frozen (4)]
  3014 | D:4      | Reached XP level 6. HP: 2/53 MP: 5/5
  3619 | D:4      | Found a staircase to the Ecumenical Temple.
  3683 | D:4      | Reached skill level 8 in Axes
  4446 | D:4      | Reached skill level 9 in Axes
  4446 | D:4      | Reached XP level 7. HP: 60/60 MP: 6/6
  4883 | D:5      | Entered Level 5 of the Dungeon
  4883 | D:5      | Noticed Menkaure
  4909 | D:4      | Killed Menkaure
  5566 | D:5      | Reached skill level 10 in Axes
  5683 | D:5      | Noticed Grinder
  5690 | D:5      | Killed Grinder
  5691 | D:5      | Reached XP level 8. HP: 67/67 MP: 7/7
  6089 | D:5      | Reached skill level 5 in Fighting
  6134 | D:5      | Reached skill level 5 in Armour
  7427 | D:6      | Reached skill level 11 in Axes
  8540 | D:6      | Reached skill level 1 in Stealth
  8828 | D:7      | Reached XP level 9. HP: 77/77 MP: 8/8
  9388 | D:7      | Found a sparkling altar of Nemelex Xobeh.
  9410 | D:7      | Reached skill level 1 in Shields
  9503 | D:7      | Found Poej's Elemental Accessories.
 10601 | D:7      | Identified a scroll of acquirement
 10601 | D:7      | Acquired a +2 vorpal executioner's axe
 10956 | D:8      | Noticed a two-headed ogre
 10963 | D:8      | Killed a two-headed ogre
 10964 | D:8      | Reached skill level 13 in Axes
 11277 | D:8      | Reached skill level 14 in Axes
 11278 | D:8      | Reached XP level 10. HP: 21/84 MP: 9/9
 11642 | D:8      | Noticed a seven-headed hydra
 11649 | D:8      | Killed a ten-headed hydra
 11650 | D:8      | Reached skill level 15 in Axes
 12304 | D:9      | Reached skill level 16 in Axes
 12695 | D:9      | Reached *** piety under Trog
 13120 | D:9      | Noticed a seven-headed hydra
 13125 | D:9      | Killed a ten-headed hydra
 13229 | D:9      | Reached XP level 11. HP: 93/93 MP: 10/10
 13392 | D:9      | Paralysed by a hornet for 3 turns
 13402 | D:9      | Paralysed by a hornet for 1 turns
 13951 | D:9      | Found a runed translucent door.
 13956 | D:9      | Noticed Tiocfaidh's ghost (novice TrMo)
 14207 | D:3      | Killed styxcanada's ghost
 14369 | D:10     | Entered Level 10 of the Dungeon
 14370 | D:10     | Noticed Josephine
 14374 | D:10     | Reached skill level 17 in Axes
 14381 | D:10     | Killed Josephine
 14577 | D:10     | Noticed Erica
 14591 | D:10     | HP: 4/94 [poisoned by Erica (bolt of poison)]
 14599 | D:10     | Killed Erica
 14969 | D:10     | Found a staircase to the Lair.
 15063 | D:10     | Noticed Nergalle
 15072 | D:10     | Killed Nergalle
 15245 | D:10     | Noticed Urug
 15253 | D:10     | Killed Urug
 15254 | D:10     | Reached skill level 10 in Armour
 15427 | D:10     | Reached skill level 18 in Axes
 16244 | D:11     | Noticed a tengu warrior
 16302 | D:11     | Noticed a white ugly thing
 16308 | D:11     | Killed a white ugly thing
 16335 | D:11     | Killed a tengu warrior
 16639 | D:11     | Reached XP level 12. HP: 105/105 MP: 11/11
 16993 | D:12     | Found a staircase to the Orcish Mines.
 17432 | D:12     | Reached skill level 19 in Axes
 17546 | D:12     | Noticed a two-headed ogre
 17552 | D:12     | Killed a two-headed ogre
 17553 | D:12     | Reached skill level 10 in Fighting
 17701 | D:12     | Noticed a two-headed ogre
 17708 | D:12     | Killed a two-headed ogre
 18102 | Lair:1   | Entered Level 1 of the Lair of Beasts
 18176 | Lair:1   | Noticed Fannar
 18181 | Lair:1   | Killed Fannar
 18829 | Lair:1   | Noticed Joseph
 18842 | Lair:1   | Killed Joseph
 18843 | Lair:1   | Reached skill level 20 in Axes
 19274 | Lair:2   | Noticed a seven-headed hydra
 19284 | Lair:2   | Killed a four-headed hydra
 19285 | Lair:2   | Found a staircase to the Swamp.
 19291 | Lair:2   | Reached **** piety under Trog
 19305 | Lair:2   | Identified the +8 mace of Gayrchemu {flame, rPois}
 19443 | Lair:2   | Noticed a four-headed hydra
 19450 | Lair:2   | Killed a one-headed hydra
 19503 | Lair:2   | Reached XP level 13. HP: 116/116 MP: 12/12
 19507 | Lair:2   | Identified the +2 pair of gloves "Dethradghoan" {Rampage
                  | Regen+ MP+9 Str+4}
 19947 | Lair:2   | Reached skill level 21 in Axes
 21106 | Lair:3   | Reached ***** piety under Trog
 21614 | Lair:3   | Found a staircase to the Snake Pit.
 21901 | Lair:3   | Reached skill level 22 in Axes
 21945 | Lair:3   | Identified the ring "Juneag" {rPois MP+9}
 22273 | Lair:4   | Noticed Sonja
 22276 | Lair:4   | Killed Sonja
 22668 | Lair:4   | Noticed Nessos
 22684 | Lair:4   | HP: 5/119 [poisoned by Nessos]
 22684 | Lair:4   | Shot with an arrow by Nessos

Illustrated notes

Levels and vault maps discovered:
D:1:      minmay_arrival_floating_metal, layout_loops_corners,
          shapermc_ecumenical_altar_notcrosses, minivault_11
D:2:      layout_basic, basic_altar
D:3:      layout_basic, gammafunk_ghost_icy
D:4:      minmay_chambers_of_twos, layout_loops_cross,
          minmay_temple_entry_fiery, minmay_fractal_squares_5, uniq_ijyb
D:5:      layout_rooms, serial_bayou_lagoon_a, uniq_grinder, uniq_menkaure
D:6:      layout_loops_ring, grunt_decor_fettered, kennysheep_small_circle
D:7:      layout_loops_ring, mainiacjoe_overflow_small_starburst,
          nicolae_elemental_shop
D:8:      layout_rooms
D:9:      layout_stronghold, ebering_ghost_reflecting_pool
D:10:     layout_small_grid, erik_lair_island, uniq_urug, uniq_nergalle,
          uniq_josephine, uniq_erica
D:11:     layout_rooms, minivault_25_ag
D:12:     layout_roguey, hiddenorc2_lemuel
Lair:1:   layout_roguey, grunt_megastairs_4, lemuel_fruit_tree, uniq_fannar,
          uniq_joseph
Lair:2:   layout_cave_pods, swamp_mist, eino_house_with_fridge,
          serial_bayou_shore_a, infiniplex_staircase_pool_2
Lair:3:   nzn_winding_woodlands_three_and_one
          [nzn_winding_woodlands_5x15_pathside_ponds,
          nzn_winding_woodlands_5x15_sawtooth,
          nzn_winding_woodlands_5x15_zeroes,
          nzn_winding_woodlands_center_diamonds], layout_chaotic_city,
          guppyfry_snake_entry_island
Lair:4:   layout_cave_pods, chequers_serial_rivers_micro_e, grunt_megastairs_3,
          uniq_sonja, uniq_nessos

Skill      XL: |  1  2  3  4  5  6  7  8  9 10 11 12 13 |
---------------+----------------------------------------+-----
Axes           | 4 6 7 9 10 11 14 16 18 20 22 | 22.6
Fighting       | 4 6 7 9 11 12 | 12.4
Armour         | 4 7 8 10 12 13 | 13.0
Stealth        | 1 |  1.1
Shields        | 1 |  1.7
Dodging        | |  2.9
Unarmed Combat | |  0.1

Action                   |  1- 3 |  4- 6 |  7- 9 | 10-12 | 13-15 || total
-------------------------+-------+-------+-------+-------+-------++-------
Melee: Hand axe          |    61 |   111 |   237 |       |       ||   409
       Headbutt          |     8 |    14 |    48 |    72 |    46 ||   188
       Punch             |       |     2 |     2 |       |       ||     4
       Unarmed           |       |     6 |       |       |       ||     6
       Executioner's axe |       |       |    26 |   373 |   198 ||   597
Invok: Berserk           |     2 |     5 |    16 |    31 |     8 ||    62
  Use: Scroll            |       |       |    15 |     6 |     1 ||    22
       Potion            |       |       |       |     2 |     1 ||     3
Armor: Animal skin       |    18 |       |       |       |       ||    18
       Chain mail        |     4 |    57 |    47 |       |       ||   108
       Skin              |       |     4 |       |       |       ||     4
       Crystal plate arm |       |       |    87 |   370 |   119 ||   576
Dodge: Dodged            |    42 |    64 |    64 |   122 |    43 ||   335
Block: Tower shield      |       |       |    37 |       |       ||    37
